 Dungeon Crawl Stone Soup version 0.19.1-28-ge1247f7 (webtiles) character file.

361 bosm the Magician (level 6, -3/50 HPs)
             Began as a Deep Dwarf Transmuter on Jan 21, 2017.
             Slain by a gnoll
             ... wielding a +0 club
              (8 damage)
             ... on level 4 of the Dungeon.
             The game lasted 00:12:20 (2839 turns).

bosm the Magician (Deep Dwarf Transmuter)           Turns: 2839, Time: 00:12:22

Health: -3/50      AC:  2    Str: 14    XL:     6   Next: 38%
Magic:  2/11       EV: 20    Int: 15    God:
Gold:   194        SH:  0    Dex: 18    Spells: 3 memorised, 7 levels left

rFire  + . .     SeeInvis .       - Unarmed
rCold  . . .     Gourm    .     (armour currently unavailable)
rNeg   . . .     Faith    .     (shield currently unavailable)
rPois  x         Spirit   .     (helmet currently unavailable)
rElec  .         Reflect  .     (cloak currently unavailable)
rCorr  .         Harm     .     (gloves currently unavailable)
MR     .....     Rnd*Tele +     (boots currently unavailable)
Stlth  ++........               (no amulet)
                                u - ring of protection from fire
                                g - ring of teleportation (curse)

@: spider-form, very slightly contaminated, non-regenerating
A: damage resistance, recharge devices, sense surroundings 1, slow regeneration
3
a: Device Recharging, End Transformation


You were on level 4 of the Dungeon.
You were very hungry.
You were a venomous arachnid creature.
You visited 1 branch of the dungeon, and saw 4 of its levels.

You collected 194 gold pieces.

Inventory:

Hand Weapons
 q - a +2 hand axe of holy wrath
Missiles
 a - 76 arrows
 n - 7 tomahawks of dispersal (quivered)
Armour
 b - a +0 robe (melded)
 r - a +0 leather armour of fire resistance
 s - a +0 leather armour
Jewellery
 g - a cursed ring of teleportation (left front leg)
 k - an uncursed ring of resist corrosion
 u - a ring of protection from fire (right front leg)
Wands
 d - a wand of heal wounds (2/9)
 e - a wand of slowing (19/48)
 i - a wand of lightning (1/15)
Scrolls
 t - 4 scrolls of identify
 y - a scroll of immolation {unknown}
Potions
 h - a potion of curing
 l - a potion of flight
 p - a potion of brilliance
 v - a potion of heal wounds {unknown}
 w - a potion of might {unknown}
 x - a potion of beneficial mutation {unknown}
Books
 c - a book of Changes

   Spells                             Type                      Level
   a - Beastly Appendage              Transmutation                1
   b - Sticks to Snakes               Transmutation                2
   c - Spider Form                    Transmutation/Poison         3
   d - Ice Form                       Ice/Transmutation            4
   e - Blade Hands                    Transmutation                5
Comestibles
 f - 2 bread rations
 j - 2 slices of pizza
 m - 5 meat rations


   Skills:
 - Level 0.8 Fighting
 + Level 2.4 Dodging
 + Level 4.0 Unarmed Combat
 * Level 4.2 Spellcasting
 + Level 3.2 Transmutations


You had 7 spell levels left.
You knew the following spells:

 Your Spells              Type           Power        Failure   Level  Hunger
a - Beastly Appendage     Tmut           ##....       17%         1    None
b - Spider Form           Tmut/Pois      #.........   52%         3    ###....
w - Sticks to Snakes      Tmut           ##......     24%         2    ##.....


Dungeon Overview and Level Annotations

Branches:
Dungeon (4/15)
 Temple: D:4-7

Altars:
Cheibriados
Elyvilon


Innate Abilities, Weirdness & Mutations

You are resistant to damage.
You can recharge devices by infusing magical energy.
You passively map a small area around you.
You do not regenerate.


Message History

The gnoll misses you.
You are feeling very hungry.
You closely miss the worker ant.
The worker ant is heavily wounded.
The gnoll shaman completely misses you. The worker ant bites you!
* * * LOW HITPOINT WARNING * * *
The gnoll misses you.
You hit the worker ant but do no damage.
The worker ant looks even sicker.
The worker ant is almost dead.
The gnoll shaman misses you. The worker ant barely misses you.
The gnoll hits you with a club.
* * * LOW HITPOINT WARNING * * *
You hit the worker ant.
The worker ant looks as sick as possible!
The worker ant is almost dead.
You kill the worker ant!
Your Unarmed Combat skill increases to level 4!
The gnoll hits you with a club!
You die...

* #. #.# ,
..####'##.##**
...........#
$..........#
...........#
......g.gg.#
...........#
#...###..g########
#...###...##...gs#
.........g#....gg#
..........#...).g#
..........†.(g...#
..........#......#
####+##########'###
** ...............#
#................#
,#................#


You could see a gnoll shaman and 4 gnolls.

Vanquished Creatures
  A hound (D:4)
  An orc priest (D:4)
  An orc wizard (D:3)
  Ijyb (D:3)
  2 worker ants
  Terence (D:2)
  5 gnolls
  2 adders
  An ooze (D:3)
  4 worms
  2 dart slugs (D:1)
  A leopard gecko (D:2)
  7 orcs
  5 bats
  2 giant cockroaches (D:1)
  7 goblins
  14 hobgoblins
  9 kobolds
  2 quokkas (D:3)
  4 frilled lizards
  3 rats
75 creatures vanquished.

Vanquished Creatures (collateral kills)
  A gnoll (D:3)
  A quokka (D:3)
2 creatures vanquished.

Grand Total: 77 creatures vanquished

Notes
Turn   | Place    | Note
-------+----------+-------------------------------------------
     0 | D:1      | bosm the Deep Dwarf Transmuter began the quest for the Orb.
     0 | D:1      | Reached XP level 1. HP: 16/16 MP: 3/3
   250 | D:1      | Reached XP level 2. HP: 16/24 MP: 3/5
   254 | D:1      | Learned a level 2 spell: Sticks to Snakes
   808 | D:2      | Reached XP level 3. HP: 9/30 MP: 4/6
   815 | D:2      | Learned a level 3 spell: Spider Form
  1608 | D:3      | Noticed Terence
  1719 | D:2      | Killed Terence
  1719 | D:2      | Reached XP level 4. HP: 7/37 MP: 0/8
  1755 | D:3      | Noticed Ijyb
  1779 | D:3      | Killed Ijyb
  1888 | D:3      | Found a white marble altar of Elyvilon.
  1947 | D:3      | Reached XP level 5. HP: 23/43 MP: 2/10
  2207 | D:3      | Found a snail-covered altar of Cheibriados.
  2609 | D:4      | Reached XP level 6. HP: 11/50 MP: 3/12
  2839 | D:4      | Slain by a gnoll

Skill      XL: |  1  2  3  4  5  6 |
---------------+-------------------+-----
Spellcasting   | 2 3 4 |  4.2
Transmutations | 2 3 |  3.2
Unarmed Combat | 3 4 |  4.0
Fighting       | |  0.8
Dodging        | |  2.4

Action                   |  1- 3 |  4- 6 || total
-------------------------+-------+-------++-------
Melee: Unarmed           |    87 |   135 ||   222
       Headbutt          |     7 |     4 ||    11
       Punch             |     1 |     2 ||     3
       Kick              |     4 |     2 ||     6
Throw: Tomahawk          |     1 |       ||     1
 Cast: Beastly Appendage |    25 |     8 ||    33
       Sticks to Snakes  |     3 |     2 ||     5
       Spider Form       |     2 |    13 ||    15
 Abil: End Transformatio |       |     2 ||     2
       Device Recharging |       |     1 ||     1
Evoke: Wand              |     1 |     6 ||     7
  Use: Scroll            |     2 |       ||     2
       Potion            |       |     7 ||     7
  Eat: Chunk             |     3 |     6 ||     9
Armor: Robe              |     5 |    13 ||    18
       Skin              |       |    40 ||    40
Dodge: Dodged            |    44 |   163 ||   207
